[Event "Titled Tuesday Blitz May 03 Early 2022"]
[White "Simonovic, Miroslav"]
[Black "Bifulco, Michel"]
[WhiteFideId "919152"]
[BlackFideId "828580"]
[WhiteElo "2043"]
[BlackElo "2165"]
[Result "1-0"]
[Round "03"]
[TimeControl "180+1"]
[Date "2022.05.03"]
[WhiteClock "0:00:08"]
[BlackClock "0:00:03"]

1. d4 Nf6 2. Bg5 d5 3. Bxf6 exf6 4. e3 Bd6 5. a3 O-O 6. c4 dxc4 7. Bxc4 f5 8. g3 Nc6 9. Nc3 Re8 10. Nge2 Qf6 11. b4 Bd7 12. Bd5 a6 13. O-O h5 14. h4 g5 15. hxg5 Qxg5 16. Nf4 h4 17. Qh5 Bxf4 18. Bxf7+ Kg7 19. exf4 Qxh5 20. Bxh5 Rh8 21. Bf3 Nxd4 22. Bxb7 Rab8 23. Bd5 c6 24. Bc4 Rh6 25. Rad1 c5 26. bxc5 Nf3+ 27. Kg2 Bc6 28. Bd5 Bxd5 29. Rxd5 Rb3 30. Rc1 h3+ 31. Kxf3 h2 32. Rdd1 h1=Q+ 33. Rxh1 Rxh1 34. Rxh1 Rxc3+ 35. Ke2 Rxc5 36. Rd1 Rc3 37. Rd3 Rc2+ 38. Ke3 Ra2 39. Kd4 Rxf2 40. Ke5 Rb2 41. Kxf5 Rb5+ 42. Kg4 a5 43. f5 Rc5 44. Kg5 Rb5 45. g4 Rc5 46. Rd7+ Kf8 47. Ra7 Rb5 48. Kg6 Rb8 49. g5 Rb6+ 50. f6 Rb8 51. Rxa5 Rc8 52. Ra7 Kg8 53. a4 Kh8 54. Rh7+ Kg8 55. f7+ 1-0


[Site "https://www.chess.com"]

[Event "Titled Tuesday Blitz May 03 Early 2022"]
[White "Sirosh, Ilja"]
[Black "Matinian, Nikita"]
[WhiteFideId "4500458"]
[BlackFideId "24129100"]
[WhiteElo "2554"]
[BlackElo "2752"]
[Result "0-1"]
[Round "03"]
[TimeControl "180+1"]
[Date "2022.05.03"]
[WhiteClock "0:00:08"]
[BlackClock "0:01:24"]

1. e4 c5 2. Nf3 d6 3. d4 cxd4 4. Nxd4 Nf6 5. Nc3 g6 6. Be3 Bg7 7. f3 O-O 8. Qd2 Nc6 9. O-O-O d5 10. Nxc6 bxc6 11. Bh6 Qa5 12. Bxg7 Kxg7 13. e5 Nd7 14. h4 Rb8 15. h5 Qb4 16. b3 Nxe5 17. Kb2 Bf5 18. hxg6 Bxg6 19. Qh6+ Kg8 20. Rh4 Qc5 21. f4 Qf2 22. Rc1 Nc4+ 23. Bxc4 dxc4 24. g4 cxb3 25. axb3 Rxb3+ 26. Kxb3 Rb8+ 27. Kc4 c5 0-1


[Site "https://www.chess.com"]

[Event "Titled Tuesday Blitz May 03 Early 2022"]
[White "Skuhala, Barbara"]
[Black "Bommini, Mounika Akshaya"]
[WhiteFideId "14605465"]
[BlackFideId "25019872"]
[WhiteElo "2155"]
[BlackElo "1671"]
[Result "0-1"]
[Round "03"]
[TimeControl "180+1"]
[Date "2022.05.03"]
[WhiteClock "0:01:03"]
[BlackClock "0:00:15"]

1. e4 Nc6 2. Nf3 d6 3. d4 Nf6 4. Nc3 Bg4 5. h3 Bxf3 6. gxf3 e5 7. d5 Ne7 8. Be3 Ng6 9. Qd2 Be7 10. h4 Nh5 11. Bb5+ Kf8 12. Kd1 Bxh4 13. Kc1 a6 14. Bd3 Nhf4 15. Ne2 Nxd3+ 16. cxd3 Qd7 17. f4 exf4 18. Nxf4 Bf6 19. Nxg6+ fxg6 20. f4 Re8 21. Kc2 Qb5 22. Rab1 Qa4+ 23. Kc1 Qxa2 24. Qc2 Qa5 25. d4 Kf7 26. e5 dxe5 27. dxe5 Qxd5 28. Rd1 Qe6 29. b3 Be7 30. Kb2 c6 31. Bd4 Rd8 32. Bc3 Rxd1 33. Rxd1 Rd8 34. Rh1 h6 35. Rg1 Rd5 36. Rf1 Qf5 37. Qf2 Bc5 38. Qe2 Qd3 39. Qg2 Bd4 40. e6+ Ke7 41. Bxd4 Qxd4+ 42. Kb1 Ra5 43. Qxg6 Ra1+ 44. Kc2 Ra2+ 45. Kc1 Qb2+ 46. Kd1 Qd2# 0-1


[Site "https://www.chess.com"]

[Event "Titled Tuesday Blitz May 03 Early 2022"]
[White "Sokolovsky, Yahli"]
[Black "Wagner, Dennis"]
[WhiteFideId "2820242"]
[BlackFideId "24650684"]
[WhiteElo "1770"]
[BlackElo "2355"]
[Result "1-0"]
[Round "03"]
[TimeControl "180+1"]
[Date "2022.05.03"]
[WhiteClock "0:00:07"]
[BlackClock "0:00:09"]

1. b3 e6 2. Bb2 Nf6 3. e3 b6 4. Nf3 Bb7 5. d4 c5 6. Bd3 cxd4 7. exd4 g6 8. O-O Bg7 9. Nbd2 O-O 10. c4 d5 11. c5 Nc6 12. a3 a5 13. Rc1 Nd7 14. Qc2 bxc5 15. dxc5 e5 16. Bb5 Re8 17. Rfe1 Rc8 18. Bxc6 Bxc6 19. b4 axb4 20. axb4 Bb5 21. Nb1 d4 22. Na3 Bc6 23. Nd2 e4 24. b5 d3 25. Qb1 Bxb2 26. Qxb2 Bd5 27. Qd4 Nf6 28. Nac4 Bxc4 29. Qxd8 Rexd8 30. Rxc4 Rd5 31. Rec1 Nd7 32. Nxe4 f5 33. b6 fxe4 34. b7 Rf8 35. c6 d2 36. Rd1 Ne5 37. c7 e3 38. fxe3 Nxc4 39. c8=Q Nxe3 40. Qxf8+ Kxf8 41. b8=Q+ Ke7 42. Qa7+ Kd6 43. Qxe3 1-0


[Site "https://www.chess.com"]

[Event "Titled Tuesday Blitz May 03 Early 2022"]
[White "Soucek, Petr"]
[Black "Saravana, Krishnan P."]
[WhiteFideId "23715170"]
[BlackFideId "5018382"]
[WhiteElo "1979"]
[BlackElo "2210"]
[Result "0-1"]
[Round "03"]
[TimeControl "180+1"]
[Date "2022.05.03"]
[WhiteClock "0:00:03"]
[BlackClock "0:01:30"]

1. e4 c6 2. d4 d5 3. e5 c5 4. dxc5 Nc6 5. f4 Nh6 6. Be3 Ng4 7. Bd4 h5 8. c3 e6 9. b4 Ne7 10. Nd2 Nf5 11. Bd3 Qh4+ 12. g3 Nxg3 13. Ndf3 Nxh1+ 14. Nxh4 Nxh2 15. Bb5+ Kd8 16. c6 Be7 17. Nhf3 Ng4 18. cxb7 Bxb7 19. Qa4 a6 20. Qa5+ Kc8 21. Bf1 Ng3 22. Bd3 Ne4 23. Bxe4 dxe4 24. Ng5 Rf8 25. Ne2 h4 26. Bc5 Bd8 27. Qa4 Rg8 28. O-O-O Nxe5 29. fxe5 Bxg5+ 30. Kb2 Rd8 31. Rxd8+ Bxd8 32. Qd1 a5 33. a3 axb4 34. axb4 Bd5 35. Nd4 h3 36. Kb1 h2 37. Nb5 e3 38. Nd6+ Kd7 39. Ne4 h1=Q 40. Qxh1 e2 41. Nd2 Bxh1 42. Nc4 e1=Q+ 43. Kc2 Be4+ 44. Kb3 Qd1+ 45. Kb2 Qb1# 0-1


[Site "https://www.chess.com"]

[Event "Titled Tuesday Blitz May 03 Early 2022"]
[White "Subaste, Arman"]
[Black "Mikhalsky, Vladimir"]
[WhiteFideId "5221080"]
[BlackFideId "14144352"]
[WhiteElo "1856"]
[BlackElo "2301"]
[Result "1-0"]
[Round "03"]
[TimeControl "180+1"]
[Date "2022.05.03"]
[WhiteClock "0:01:19"]
[BlackClock "0:00:12"]

1. d4 Nf6 2. Nf3 g6 3. c4 Bg7 4. Nc3 O-O 5. g3 d6 6. Bg2 Nbd7 7. O-O e5 8. e3 Re8 9. b3 c6 10. Bb2 e4 11. Nd2 d5 12. b4 h5 13. h3 Nf8 14. a4 Bf5 15. b5 Qd7 16. Kh2 N8h7 17. a5 Ng5 18. h4 Nh3 19. Qe2 g5 20. a6 gxh4 21. axb7 Rab8 22. bxc6 hxg3+ 23. fxg3 Ng4+ 24. Qxg4 hxg4 25. cxd7 Bxd7 26. Rxa7 Bc6 27. cxd5 Bxb7 28. Ba3 Ng5 29. Bd6 Rbd8 30. Bc7 Bxd5 31. Bxd8 Rxd8 32. Nxd5 Nf3+ 33. Bxf3 exf3 34. Ne7+ Kf8 35. Nf5 Bf6 36. Nxf3 gxf3 37. Rxf3 Rb8 38. Nh4 Rb6 39. d5 Kg7 40. e4 Rb2+ 41. Ng2 Kg6 42. Ra6 1-0


[Site "https://www.chess.com"]

[Event "Titled Tuesday Blitz May 03 Early 2022"]
[White "Sztokbant, Bernardo Vainzoff"]
[Black "Yuan, Qingyu"]
[WhiteFideId "2115956"]
[BlackFideId "8609772"]
[WhiteElo "2225"]
[BlackElo "2359"]
[Result "1-0"]
[Round "03"]
[TimeControl "180+1"]
[Date "2022.05.03"]
[WhiteClock "0:01:06"]
[BlackClock "0:00:26"]

1. d4 d5 2. c4 e6 3. Nc3 Nf6 4. Bg5 dxc4 5. e3 c5 6. Bxc4 cxd4 7. exd4 Nc6 8. Nf3 Be7 9. O-O O-O 10. Re1 a6 11. a3 b5 12. Ba2 Bb7 13. Qd3 b4 14. Ne2 Nd5 15. Bd2 Rc8 16. Rad1 Qb6 17. Bb1 g6 18. Bh6 Rfd8 19. Ng3 bxa3 20. bxa3 Qa5 21. Bc1 Qc3 22. Qe2 Na5 23. Ne4 Qc7 24. Ba2 Nc4 25. a4 a5 26. Bg5 Bxg5 27. Nfxg5 Nd6 28. Bxd5 Bxd5 29. Nf6+ Kg7 30. Qe5 Nf5 31. Ne8+ Kf8 32. Nxc7 1-0


[Site "https://www.chess.com"]

[Event "Titled Tuesday Blitz May 03 Early 2022"]
[White "Tatarinov, Dmitry"]
[Black "Jaskolka, Tomasz"]
[WhiteFideId "24160067"]
[BlackFideId "1170791"]
[WhiteElo "2302"]
[BlackElo "2073"]
[Result "1-0"]
[Round "03"]
[TimeControl "180+1"]
[Date "2022.05.03"]
[WhiteClock "0:01:20"]
[BlackClock "0:00:13"]

1. d4 e6 2. e4 d5 3. Nc3 Bb4 4. Ne2 dxe4 5. a3 Bxc3+ 6. Nxc3 Nf6 7. Bg5 h6 8. Bh4 Nbd7 9. Nxe4 g5 10. Nxf6+ Nxf6 11. Bg3 Bd7 12. Be5 Bc6 13. h4 Rg8 14. hxg5 hxg5 15. Qd2 Qe7 16. O-O-O O-O-O 17. Kb1 Ne4 18. Qe3 f6 19. Bh2 f5 20. Be5 f4 21. Qe1 Qf7 22. Bd3 Nd6 23. Rh7 Qf8 24. f3 Rd7 25. Rxd7 Kxd7 26. c4 Kc8 27. Qa5 Kb8 28. c5 b6 29. Qb4 Nc8 30. Rh1 Kb7 31. Rh7 Ne7 32. cxb6 Nd5 33. Qa5 axb6 34. Qa6+ Kb8 35. Bxc7+ Nxc7 36. Qxb6+ Ka8 37. Qxc6+ Kb8 38. Qxc7+ Ka8 39. Be4# 1-0


[Site "https://www.chess.com"]

[Event "Titled Tuesday Blitz May 03 Early 2022"]
[White "Terry, Renato"]
[Black "Csonka, Balazs"]
[WhiteFideId "3803457"]
[BlackFideId "742910"]
[WhiteElo "2577"]
[BlackElo "2404"]
[Result "0-1"]
[Round "03"]
[TimeControl "180+1"]
[Date "2022.05.03"]
[WhiteClock "0:00:24"]
[BlackClock "0:00:11"]

1. e4 e5 2. Nf3 Nf6 3. Nxe5 Nc6 4. d4 Nxe5 5. dxe5 Nxe4 6. Qd5 Nc5 7. Bc4 Ne6 8. O-O c6 9. Qf3 d6 10. exd6 Bxd6 11. Nc3 Qh4 12. Rd1 Bxh2+ 13. Kf1 Qxc4+ 14. Ne2 Be5 15. Qe3 Bf6 16. c3 b6 17. b3 Qc5 18. Qg3 Ba6 19. Rb1 Qxc3 20. Be3 Qc2 21. Bd2 O-O 22. Ke1 Rfe8 23. Rbc1 Qxa2 24. Rc4 Bxc4 25. bxc4 Nd4 26. Qd3 Nxe2 27. Be3 Rad8 28. Qxe2 Qxe2+ 29. Kxe2 Rxd1 0-1


[Site "https://www.chess.com"]

[Event "Titled Tuesday Blitz May 03 Early 2022"]
[White "Todorovic, Bojan"]
[Black "Piliczewski, Bogusz"]
[WhiteFideId "917087"]
[BlackFideId "1104144"]
[WhiteElo "2266"]
[BlackElo "1896"]
[Result "1/2-1/2"]
[Round "03"]
[TimeControl "180+1"]
[Date "2022.05.03"]
[WhiteClock "0:00:06"]
[BlackClock "0:00:31"]

1. d4 d5 2. c4 c6 3. Nf3 Nf6 4. e3 Bf5 5. Nc3 e6 6. Nh4 Bg4 7. Qb3 Qb6 8. h3 Bh5 9. g4 Bg6 10. Nxg6 hxg6 11. Bg2 Nbd7 12. Bd2 Bd6 13. c5 Qxb3 14. axb3 Bc7 15. b4 a6 16. b5 cxb5 17. Nxb5 Rc8 18. Nxc7+ Rxc7 19. Ba5 Rc6 20. Bd2 O-O 21. b4 Rb8 22. Ke2 Rbc8 23. Rhb1 Ne4 24. Be1 f5 25. f3 Nef6 26. Kd1 b5 27. Ra2 Nb8 28. Rba1 Nfd7 29. Bg3 g5 30. gxf5 exf5 31. f4 gxf4 32. Bxd5+ Kh7 33. Bxf4 Rg6 34. Rg2 Rxg2 35. Bxg2 Nc6 36. Rxa6 Nxb4 37. Ra8 Rxa8 38. Bxa8 Nd3 39. Bd6 Nf6 40. Kc2 Ne1+ 41. Kb3 Ne8 42. Be5 Nd3 43. Bc6 Nxe5 44. Bxe8 Nc4 45. Bxb5 Nxe3 46. Kc3 f4 47. Kd3 g5 48. Bc6 Kg6 49. Bf3 Kf5 50. d5 Ke5 51. d6 Nf5 52. Bg4 Nxd6 53. cxd6 Kxd6 54. Ke4 Ke7 55. Kf5 Kf8 56. Kxg5 Kg8 57. Kxf4 Kh8 1/2-1/2


[Site "https://www.chess.com"]

[Event "Titled Tuesday Blitz May 03 Early 2022"]
[White "Toncheva, Nadya"]
[Black "Zemlyanskii, Ivan"]
[WhiteFideId "2924056"]
[BlackFideId "24249971"]
[WhiteElo "1884"]
[BlackElo "1759"]
[Result "0-1"]
[Round "03"]
[TimeControl "180+1"]
[Date "2022.05.03"]
[WhiteClock "0:00:03"]
[BlackClock "0:00:05"]

1. e4 c5 2. c3 d5 3. exd5 Qxd5 4. Nf3 Nf6 5. d4 e6 6. Na3 Qd8 7. Bf4 Nc6 8. dxc5 Nd5 9. Bg3 Bxc5 10. Nc4 O-O 11. Be2 f6 12. O-O e5 13. Qb3 Rb8 14. Rfd1 Be6 15. Ne3 Bxe3 16. fxe3 Qe7 17. Rxd5 Bxd5 18. Qxd5+ Kh8 19. e4 Rfd8 20. Qb3 b5 21. Bf2 b4 22. c4 Na5 23. Qe3 b3 24. axb3 Rxb3 25. Qxa7 Qxa7 26. Bxa7 Rxb2 27. Kf1 Nb3 28. Rd1 Ra8 29. c5 h6 30. Bb6 Raa2 31. Re1 Rc2 32. Nh4 Nd2+ 33. Kg1 g5 34. Nf5 Nxe4 35. Bf3 Nxc5 36. Bxc5 Rxc5 37. Re2 Ra1+ 38. Kf2 Kg8 39. g4 Kf7 40. Nxh6+ Ke6 41. Nf5 Rcc1 42. Rb2 Rf1+ 43. Kg2 Rfc1 44. Kf2 Kd7 45. Rb7+ Kc8 46. Re7 Rc2+ 47. Kg3 Rg1+ 48. Kh3 Rf1 49. Kg3 Rc3 50. Re8+ Kd7 51. Re7+ Kd8 0-1


[Site "https://www.chess.com"]

[Event "Titled Tuesday Blitz May 03 Early 2022"]
[White "Tristan, Leonardo"]
[Black "YoreDea"]
[WhiteFideId "113816"]
[WhiteElo "2404"]
[BlackElo "2497"]
[Result "1-0"]
[Round "03"]
[TimeControl "180+1"]
[Date "2022.05.03"]
[WhiteClock "0:01:30"]
[BlackClock "0:00:50"]

1. d4 d5 2. Nf3 c6 3. Bf4 Bf5 4. e3 Nf6 5. c4 Bxb1 6. Qxb1 e5 7. Nxe5 Bb4+ 8. Kd1 dxc4 9. Bxc4 O-O 10. Ke2 Nbd7 11. Rd1 Qe7 12. Qf5 Rae8 13. Kf1 Bd6 14. Nxd7 Nxd7 15. Bxd6 Qxd6 16. Kg1 Nf6 17. a3 g6 18. Qc2 Ng4 19. g3 h5 20. Bf1 h4 21. Bg2 hxg3 22. hxg3 Kg7 23. d5 c5 24. Qc3+ f6 25. Rac1 b6 26. b4 Rc8 27. bxc5 Rxc5 28. Qb4 Ne5 29. Rxc5 bxc5 30. Qc3 Rc8 31. f4 Ng4 32. Bf3 Nh6 33. e4 Nf7 34. Kg2 c4 35. Re1 Qc5 36. e5 fxe5 37. fxe5 Ng5 38. e6+ Kg8 39. Rh1 1-0


[Site "https://www.chess.com"]

[Event "Titled Tuesday Blitz May 03 Early 2022"]
[White "Trost, Edvin"]
[Black "Obolenskikh, Dmitry"]
[WhiteFideId "1729519"]
[BlackFideId "4156013"]
[WhiteElo "2160"]
[BlackElo "2512"]
[Result "1/2-1/2"]
[Round "03"]
[TimeControl "180+1"]
[Date "2022.05.03"]
[WhiteClock "0:00:06"]
[BlackClock "0:00:15"]

1. d4 d5 2. c4 e6 3. Nc3 Nf6 4. Bg5 Be7 5. e3 h6 6. Bh4 O-O 7. cxd5 Nxd5 8. Bxe7 Qxe7 9. Nxd5 exd5 10. Bd3 Nd7 11. Ne2 Nf6 12. O-O Bg4 13. Rc1 c6 14. Qd2 Bxe2 15. Qxe2 Rfe8 16. Qd2 a5 17. Rc5 a4 18. a3 Qd6 19. h3 Nd7 20. Rc2 h5 21. Rd1 g6 22. h4 Kg7 23. g3 Nf6 24. Kg2 Nd7 25. Re1 Re6 26. Rcc1 Rae8 27. Qd1 b5 28. Rc2 Nb6 29. Rc5 Nc4 30. Bxc4 dxc4 31. Rh1 f5 32. Qf3 Re4 33. Rc1 R8e6 34. Rf1 Rf6 35. Qd1 Qe7 36. Qd2 Rd6 37. Qa5 Qd7 38. Qb6 Ree6 39. Rd1 Rd5 40. Kg1 Rxc5 41. Qxc5 Rd6 42. Qe5+ Kh7 43. Re1 Qe6 44. Qf4 Qd5 45. Kh2 Re6 46. Qc7+ Kh6 47. Qf4+ Kg7 48. Qc7+ Kf6 49. Qh7 Qd8 50. Qh6 Re8 51. Qg5+ Kg7 52. Qf4 Qd7 53. Kg1 Re4 54. Qb8 Qe7 55. Rf1 f4 56. gxf4 Qxh4 57. Qc7+ Kh6 58. Qxc6 Qg4+ 59. Kh2 Qh4+ 60. Kg2 Qg4+ 61. Kh2 Qf3 62. Qa8 Kg7 63. Qb7+ Kf6 64. Qc6+ Kf5 65. Qxb5+ Kf6 66. Qc6+ Kf5 67. Qd5+ Kf6 68. Qc6+ Kf5 69. Qd7+ Kf6 70. Qd8+ Kf7 71. Qc7+ Kf6 72. Qc6+ 1/2-1/2


[Site "https://www.chess.com"]

[Event "Titled Tuesday Blitz May 03 Early 2022"]
[White "Urbina Perez, Juan Antonio"]
[Black "Schut, Han"]
[WhiteFideId "2217368"]
[BlackFideId "1005561"]
[WhiteElo "2192"]
[BlackElo "2057"]
[Result "1-0"]
[Round "03"]
[TimeControl "180+1"]
[Date "2022.05.03"]
[WhiteClock "0:00:47"]
[BlackClock "0:00:01"]

1. d4 Nf6 2. c4 g6 3. Nc3 d5 4. Nf3 Bg7 5. Bf4 O-O 6. e3 c5 7. cxd5 Nxd5 8. Nxd5 Qxd5 9. dxc5 Qxd1+ 10. Rxd1 Bxb2 11. Bb5 Bc3+ 12. Ke2 a6 13. Ba4 Be6 14. Bb3 Bg4 15. Rd3 Bf6 16. h3 Bxf3+ 17. gxf3 Nc6 18. Rd7 Rac8 19. Rc1 Na5 20. Bd5 Rfd8 21. Rxd8+ Rxd8 22. Be4 e5 23. Bg3 Rc8 24. f4 Be7 25. fxe5 Rxc5 26. Rxc5 Bxc5 27. Bh4 b5 28. Bd5 Nc4 29. e6 fxe6 30. Bxe6+ Kf8 31. Bf6 Nd6 32. Bd5 b4 33. e4 Nb5 34. f4 a5 35. Kd3 Nc7 36. Bc4 Ne8 37. Bg5 Be7 38. Bh6+ Ng7 39. Kd4 a4 40. Ke5 Bh4 41. f5 1-0


[Site "https://www.chess.com"]

[Event "Titled Tuesday Blitz May 03 Early 2022"]
[White "Valle Maytin, Luis Enrique"]
[Black "Rosen, Eric"]
[WhiteFideId "3503666"]
[BlackFideId "2032562"]
[WhiteElo "2303"]
[BlackElo "2362"]
[Result "0-1"]
[Round "03"]
[TimeControl "180+1"]
[Date "2022.05.03"]
[WhiteClock "0:01:05"]
[BlackClock "0:01:52"]

1. e4 e5 2. Nf3 Nf6 3. Nxe5 Nc6 4. Nxc6 dxc6 5. Nc3 Bc5 6. Be2 h5 7. d3 Ng4 8. Bxg4 hxg4 9. Bf4 Qf6 10. Bg3 Be6 11. a3 O-O-O 12. Qe2 Bd4 13. Qd2 Rh5 14. O-O Rdh8 15. Qf4 Qe7 16. Qd2 f6 17. Rae1 g5 18. e5 Rxh2 19. Bxh2 Qh7 0-1


[Site "https://www.chess.com"]

[Event "Titled Tuesday Blitz May 03 Early 2022"]
[White "Varshini, V"]
[Black "Priyanka, K"]
[WhiteFideId "5091241"]
[BlackFideId "5082986"]
[WhiteElo "1948"]
[BlackElo "1905"]
[Result "0-1"]
[Round "03"]
[TimeControl "180+1"]
[Date "2022.05.03"]
[WhiteClock "0:00:11"]
[BlackClock "0:00:36"]

1. e4 c5 2. Nc3 a6 3. Nge2 d6 4. d4 cxd4 5. Nxd4 Nf6 6. Be2 e5 7. Nb3 Be7 8. O-O O-O 9. Kh1 Nc6 10. f4 exf4 11. Bxf4 Be6 12. Nd4 Ne5 13. Nf5 Bxf5 14. exf5 Rc8 15. Qd2 b5 16. a3 Qc7 17. Bg5 Nc4 18. Bxc4 Qxc4 19. Bxf6 Bxf6 20. Nd5 Bxb2 21. Ne7+ Kh8 22. Nxc8 Bxa1 23. Nxd6 Qxf1# 0-1


[Site "https://www.chess.com"]

[Event "Titled Tuesday Blitz May 03 Early 2022"]
[White "Vignesh, N R"]
[Black "Hansen, Eric"]
[WhiteFideId "25012215"]
[BlackFideId "2606771"]
[WhiteElo "2363"]
[BlackElo "2568"]
[Result "0-1"]
[Round "03"]
[TimeControl "180+1"]
[Date "2022.05.03"]
[WhiteClock "0:00:24"]
[BlackClock "0:00:30"]

1. d4 Nf6 2. c4 e6 3. Nf3 b6 4. g3 Ba6 5. b3 Bb4+ 6. Bd2 Be7 7. Nc3 d5 8. cxd5 exd5 9. Bg2 O-O 10. O-O c6 11. a3 Re8 12. b4 Nbd7 13. b5 Bxb5 14. Nxb5 cxb5 15. Qb3 a6 16. Ne5 Nxe5 17. dxe5 Ne4 18. Be3 Bc5 19. Rfd1 Rxe5 20. Bd4 Bxd4 21. Rxd4 Qf6 22. Bf3 g6 23. Rad1 Rc8 24. Rxd5 Rxd5 25. Qxd5 Nc5 26. Rd4 Qe7 27. h4 h5 28. Kg2 Ne6 29. Re4 Rd8 30. Qc6 Qd6 31. Qc3 Nc5 32. Re3 Qd4 33. Qc2 Kg7 34. Rc3 Qd2 35. Rxc5 bxc5 36. Qxc5 Qd6 37. Qc3+ Qf6 38. Qc2 Rd4 39. e3 Ra4 40. Qb3 Qa1 0-1


[Site "https://www.chess.com"]

[Event "Titled Tuesday Blitz May 03 Early 2022"]
[White "Vovk, Orest"]
[Black "Popadic, Dragan"]
[WhiteFideId "14113490"]
[BlackFideId "913650"]
[WhiteElo "2203"]
[BlackElo "2203"]
[Result "1-0"]
[Round "03"]
[TimeControl "180+1"]
[Date "2022.05.03"]
[WhiteClock "0:00:21"]
[BlackClock "0:00:03"]

1. h4 Nf6 2. h5 h6 3. Nc3 c5 4. e4 d6 5. Be2 Nc6 6. g4 Nd4 7. f3 a6 8. d3 b5 9. Be3 Bb7 10. f4 Qc8 11. Rh4 e6 12. g5 hxg5 13. fxg5 Nd7 14. Nf3 Nxf3+ 15. Bxf3 Ne5 16. Bf4 Qc7 17. Bxe5 dxe5 18. Qd2 O-O-O 19. O-O-O Be7 20. h6 Rh7 21. Rdh1 gxh6 22. Rxh6 Rg7 23. Rh7 Bxg5 24. Rxg7 Bxd2+ 25. Kxd2 Qe7 26. Rhh7 Rf8 27. Bh5 Qh4 28. Bxf7 Qf4+ 29. Ke2 Kd8 30. Nd1 c4 31. Bxe6 Bc6 32. Bf5 cxd3+ 33. cxd3 Rxf5 34. exf5 Bf3+ 35. Ke1 Bc6 36. Rg8+ Be8 37. Rhh8 1-0


[Site "https://www.chess.com"]

[Event "Titled Tuesday Blitz May 03 Early 2022"]
[White "Vysochin, Spartak"]
[Black "Shimanov, Aleksandr"]
[WhiteFideId "14103516"]
[BlackFideId "4198603"]
[WhiteElo "2385"]
[BlackElo "2636"]
[Result "1-0"]
[Round "03"]
[TimeControl "180+1"]
[Date "2022.05.03"]
[WhiteClock "0:00:03"]
[BlackClock "0:00:04"]

1. e4 d5 2. Nc3 d4 3. Nce2 e5 4. Ng3 Be6 5. Bb5+ Nd7 6. Bxd7+ Qxd7 7. d3 Ne7 8. N1e2 h5 9. h3 h4 10. Nf1 c5 11. Nh2 f6 12. f4 Nc6 13. O-O Bd6 14. f5 Bf7 15. Nf3 c4 16. a3 cxd3 17. cxd3 Na5 18. Nd2 Qb5 19. b4 Nc6 20. Nf3 a5 21. a4 Qb6 22. b5 Nb4 23. Ba3 Ke7 24. Bxb4 axb4 25. Qe1 Rac8 26. Nxh4 Rc3 27. Rd1 Rc2 28. Ng6+ Bxg6 29. fxg6 Rh6 30. Ng3 Rxg6 31. Rf2 Rxg3 32. Rxc2 Re3 33. Qh4 b3 34. Rf2 Qd8 35. Qg4 Qg8 36. a5 Ba3 37. a6 bxa6 38. bxa6 b2 39. a7 Rxd3 40. a8=Q Rxd1+ 41. Kh2 Qxa8 42. Qxg7+ Ke8 43. Rxf6 Be7 44. Qg8+ Kd7 45. Qxa8 Rh1+ 46. Kg3 b1=Q 47. Qc6+ Kd8 48. Qa8+ Kd7 49. Qc6+ Kd8 50. Qa8+ Kc7 51. Rc6+ Kd7 52. Qc8# 1-0


[Site "https://www.chess.com"]

[Event "Titled Tuesday Blitz May 03 Early 2022"]
[White "Warchol, Kamil"]
[Black "Harshavardhan G B"]
[WhiteFideId "21858241"]
[BlackFideId "25059009"]
[WhiteElo "1910"]
[BlackElo "1831"]
[Result "1-0"]
[Round "03"]
[TimeControl "180+1"]
[Date "2022.05.03"]
[WhiteClock "0:00:15"]
[BlackClock "0:00:01"]

1. e4 e5 2. Nf3 Nc6 3. Bc4 Nf6 4. d3 Be7 5. c3 O-O 6. Nbd2 d6 7. Nf1 Be6 8. Ng3 Qd7 9. O-O d5 10. exd5 Nxd5 11. Qe2 f6 12. Re1 Bf7 13. a4 Rae8 14. a5 a6 15. Bd2 Bc5 16. b4 Ba7 17. Qf1 Re7 18. b5 axb5 19. Bxb5 Rd8 20. a6 bxa6 21. Rxa6 Bb6 22. Ne4 Qc8 23. Ra4 Na7 24. Bc4 Nf4 25. Bxf7+ Kxf7 26. Bxf4 exf4 27. d4 Rde8 28. Nc5 Rxe1 29. Nxe1 Bxc5 30. dxc5 Nb5 31. Nf3 c6 32. Rxf4 Kg8 33. h3 Kh8 34. Qc4 Qd7 35. Re4 Rxe4 36. Qxe4 Nxc3 37. Qb4 Nb5 38. Qa5 g6 39. Qe1 Kg7 40. Qe3 Kg8 41. Kh2 Kg7 42. Kh1 Qf7 43. Kh2 g5 44. Nd4 Nxd4 45. Qxd4 Qe7 46. g3 Kf7 47. Qd3 Kg7 48. Qd4 Qe6 49. Qd3 h5 50. Qd4 Qf5 51. Qe3 Kf7 52. Qb3+ Qd5 53. Qe3 Qe5 54. Qb3+ Kg7 55. Qb7+ Kg6 56. Qxc6 Qd4 57. Kg2 g4 58. h4 Qc4 59. Qd6 Qe4+ 60. Kh2 Qc2 61. Qd4 1-0


[Site "https://www.chess.com"]

[Event "Titled Tuesday Blitz May 03 Early 2022"]
[White "Winkels, Marcel"]
[Black "Buscar, Michael"]
[WhiteFideId "1003887"]
[BlackFideId "2603616"]
[WhiteElo "1900"]
[BlackElo "2010"]
[Result "0-1"]
[Round "03"]
[TimeControl "180+1"]
[Date "2022.05.03"]
[WhiteClock "0:00:01"]
[BlackClock "0:00:20"]

1. e4 c6 2. d4 d6 3. Nc3 Nf6 4. f4 g6 5. Nf3 Bg7 6. Be2 Bg4 7. e5 Nd5 8. Ng5 Nxc3 9. bxc3 Bxe2 10. Qxe2 h6 11. Ne4 d5 12. Nc5 Qc8 13. O-O Nd7 14. Nd3 Nb6 15. Nc5 e6 16. Ba3 Nc4 17. Bc1 Bf8 18. Nd3 Qc7 19. Kh1 Be7 20. Rb1 h5 21. Nf2 O-O-O 22. Be3 Qa5 23. Rb3 Qxa2 24. Rfb1 b5 25. Nd1 Qa5 26. Bg1 Kd7 27. Ne3 Qc7 28. Rd1 a5 29. Nxc4 bxc4 30. Rb2 Rb8 31. Rdb1 a4 32. Qd1 a3 33. Ra2 Rxb1 34. Qxb1 Rb8 35. Qa1 Qa5 36. h3 h4 37. Kh2 Rb5 38. Bf2 Ke8 39. Qe1 Rb2 40. Ra1 Rxc2 41. Bxh4 Qxc3 42. Bxe7 Qxe1 43. Rxe1 Kxe7 44. Ra1 a2 45. Kg3 Rb2 46. Kf3 c3 47. Ke3 c2 48. Kd2 Rb1 49. Rxa2 c1=Q+ 0-1


[Site "https://www.chess.com"]

[Event "Titled Tuesday Blitz May 03 Early 2022"]
[White "Wong, Yinn Long"]
[Black "Martinovici, Ilia"]
[WhiteFideId "5707684"]
[BlackFideId "13907034"]
[WhiteElo "2055"]
[BlackElo "2282"]
[Result "1-0"]
[Round "03"]
[TimeControl "180+1"]
[Date "2022.05.03"]
[WhiteClock "0:00:06"]
[BlackClock "0:00:10"]

1. b3 e5 2. Bb2 d6 3. e3 Nf6 4. Nf3 g6 5. d4 exd4 6. Nxd4 Bg7 7. c4 O-O 8. Nc3 Re8 9. Be2 Bd7 10. O-O Nc6 11. Nc2 Ne4 12. Qe1 Qf6 13. Na4 Qg5 14. Bxg7 Kxg7 15. Nc3 Bf5 16. Bf3 Nxc3 17. Qxc3+ Qf6 18. Qxf6+ Kxf6 19. Rac1 Be4 20. Bxe4 Rxe4 21. Rfd1 a5 22. Na3 b6 23. Nb5 Re7 24. Nc3 Rd7 25. Rd2 Kg7 26. Rcd1 f5 27. Kf1 Re8 28. h3 Re5 29. Rd5 Rf7 30. Rxe5 Nxe5 31. Nd5 Nc6 32. Ke2 g5 33. g3 Rd7 34. Rd2 Ne7 35. Nc3 Ng6 36. f4 h6 37. Kf3 Rf7 38. a3 Nf8 39. b4 axb4 40. axb4 Ne6 41. Nb5 Rd7 42. Nc3 Kg6 43. Ra2 Nd8 44. Ra8 Nc6 45. Nd5 Ne7 46. Nc3 Nc6 47. Nd5 Ne7 48. Nxe7+ Rxe7 49. Rc8 Kf6 50. Rf8+ Kg6 51. Rc8 Kf6 52. Rd8 Kg6 53. g4 gxf4 54. exf4 fxg4+ 55. hxg4 Rf7 56. Rg8+ Kf6 57. Ke4 c6 58. Rc8 Re7+ 59. Kf3 c5 60. Rc6 Ke6 61. Rxb6 cxb4 62. Rxb4 Ra7 63. Rb6 Ra3+ 64. Ke4 Rc3 65. Rc6 Kd7 66. Ra6 Rxc4+ 67. Kf5 d5 68. Rxh6 d4 69. Rh2 d3 70. Rd2 Rd4 71. Ke5 Rd6 72. f5 Kc6 73. g5 Kc5 74. f6 Rd5+ 75. Kf4 Kd4 76. g6 Rd6 77. Kf5 Rd5+ 78. Ke6 Re5+ 79. Kf7 Re2 80. Rd1 Rg2 81. g7 Ke5 82. Rxd3 Rf2 83. Re3+ Kd4 84. Re6 1-0


[Site "https://www.chess.com"]